 Dungeon Crawl Stone Soup version 0.31.0-32-g396128a36d (webtiles) character file.

Game seed: 10432663473321856740

490 Zeor the Shooter (level 7, -1/55 HPs)
             Began as a Formicid Hunter on Apr 18, 2024.
             Slain by a sleepcap (4 damage)
             ... on level 4 of the Dungeon.
             The game lasted 00:08:51 (2658 turns).

Zeor the Shooter (Formicid Hunter)                  Turns: 2658, Time: 00:08:52

Health: -1/55      AC:  5    Str: 15    XL:     7   Next: 37%
Magic:  7/7        EV: 12    Int:  9    God:
Gold:   168        SH:  0    Dex: 19    Spells: 5/6 levels left

rFire   . . .        a - +0 shortbow
rCold   . . .        (no shield)
rNeg    . . .        c - +0 leather armour
rPois   .            (helmet unavailable)
rElec   .            (no cloak)
rCorr   .            d - +0 pair of gloves {Stlth+}
SInv    +            g - +0 pair of boots
Will    .....        (no amulet)
Stlth   +++          (no ring)
HPRegen 0.29/turn    (no ring)
MPRegen 0.10/turn

%: no passive effects
@: no status effects
A: permanent stasis, dig shafts and tunnels, antennae 3, four strong arms
a: Dig, Shaft Self


You were on level 4 of the Dungeon.
You visited 1 branch of the dungeon, and saw 4 of its levels.

You collected 168 gold pieces.

Inventory:

Hand Weapons
 a - a +0 shortbow (weapon)
 i - a +2 whip of electrocution
 j - a +2 dagger of freezing
Armour
 c - a +0 leather armour (worn)
 d - a +0 pair of gloves of stealth (worn)
 g - a +0 pair of boots (worn)
Scrolls
 b - a scroll of butterflies
 e - 4 scrolls of identify
Potions
 f - 2 potions of curing


   Skills:
 * Level 4.8 Fighting
 + Level 6.7 Ranged Weapons
 * Level 2.4 Armour
 + Level 1.9 Dodging
 + Level 1.5 Stealth


You had 5 spell levels left.
You knew the following spells:

 Your Spells              Type           Power      Damage    Failure   Level
a - Apportation           Tloc           0%         N/A       45%         1

Your spell library contained the following spells:

 Spells                   Type           Power      Damage    Failure   Level
 Jinxbite                 Hex            0%         N/A       58%         2
 Dazzling Flash           Conj/Hex       0%         N/A       83%         3
 Tukima's Dance           Hex            0%         N/A       83%         3
 Volatile Blastmotes      Fire/Tloc      0%         2d10      83%         3
 Passage of Golubria      Tloc           0%         N/A       99%         4
 Alistair's Intoxication  Alch           0%         N/A       100%        5
 Yara's Violent Unravell  Hex/Alch       0%         3d3       100%        5
 Starburst                Conj/Fire      0%         6d3       100%        6
 Maxwell's Capacitive Co  Air            0%         ∞         100%        8


Dungeon Overview and Level Annotations

Branches:
Dungeon (4/15)
 Temple: D:4-7

Altars:
Uskayaw


Innate Abilities, Weirdness & Mutations

You cannot be hasted, slowed, berserked, paralysed or teleported.
You can dig through walls and to a lower floor.
You have a pair of large antennae on your head. (SInv)
Your four strong arms can wield two-handed weapons with a shield.


Message History

The orc is heavily wounded.
The black bear bites you.
The black bear claws you but does no damage.
The black bear claws you. The black bear bites you.
* * * LOW HITPOINT WARNING * * *
The black bear claws you.
* * * LOW HITPOINT WARNING * * *
The black bear claws you.
* * * LOW HITPOINT WARNING * * *
You feel much better. The black bear bites you!
* * * LOW HITPOINT WARNING * * *
The black bear claws you.
* * * LOW HITPOINT WARNING * * *
The black bear claws you.
* * * LOW HITPOINT WARNING * * *
The black bear bites you.
* * * LOW HITPOINT WARNING * * *
The black bear closely misses you. The black bear claws you.
* * * LOW HITPOINT WARNING * * *
You shoot an arrow. The arrow hits the black bear.
The black bear is almost dead.
The black bear completely misses you. The black bear closely misses you.
The black bear misses you.
You shoot an arrow. The arrow hits the black bear.
You kill the black bear!
You shoot an arrow. The arrow barely misses the orc.
The arrow hits the sleepcap but does no damage.
The orc hits you with a +0 dagger.
* * * LOW HITPOINT WARNING * * *
You shoot an arrow. The arrow hits the orc!
You kill the orc!
You shoot an arrow. The arrow hits the sleepcap.
The sleepcap is lightly damaged.
The sleepcap releases spores at you.
* * * LOW HITPOINT WARNING * * *
You shoot an arrow.
The arrow hits the sleepcap but does no damage.
The sleepcap is lightly damaged.
The sleepcap releases spores at you.
You die...

▒∙▒ ▒∙▒ ▒∙ ▒▒∙▒▒
▒▒∙▒∙ ▒∙∙∙▒ ▒∙∙∙ ▒
▒∙∙∙▒▒ ▒∙∙▒▒∙
▒∙∙∙∙▒ ▒▒▒∙∙∙∙ · ▒
▒▒▒▒∙▒▒▒∙∙∙∙▒ ·∙ ▒
▒∙∙∙▒∙∙∙∙▒▒▒▒▒∙∙∙∙
∙▒∙▒
▒▒▒∙▒∙†∙∙∙Bf)∙∙)∙∙


∙∙∙∙ ▒∙†∙∙∙∙∙▒▒▒▒∙∙∙∙ ∙∙>∙ ▒▒▒∙∙∙∙∙▒▒ · ·∙ ∙∙∙∙ ▒▒▒▒▒▒▒†∙∙∙∙∙▒ ∙∙∙∙
▒∙∙∙∙∙∙∙∙∙▒▒∙∙∙∙∙ l▒▒ ▒∙∙∙∙∙∙∙∙∙∙▒▒▒▒∙▒ ▒ ▒∙∙∙∙∙∙∙∙∙∙∙∙∙∙∙▒ ▒∙∙∙∙>∙∙∙∙▒▒▒▒∙∙▒
▒∙∙∙∙∙∙∙∙∙∙∙∙▒ ·▒ You could see a sleepcap.

Vanquished Creatures
  A black bear (D:4)
  2 hounds (D:4)
  An orc priest (D:4)
  A jelly (D:4)
  2 iguanas (D:4)
  2 orc wizards
  Robin (D:3)
  A gnoll (D:1)
  8 adders
  5 dart slugs
  5 orcs
  7 bats
  11 endoplasms
  3 giant cockroaches
  5 hobgoblins
  3 jackals (D:1)
  2 quokkas
  7 ball pythons
  5 frilled lizards
  14 goblins
  7 kobolds
  4 rats
97 creatures vanquished.

Notes
Turn   | Place    | Note
-------+----------+-------------------------------------------
     0 | D:1      | Zeor the Formicid Hunter began the quest for the Orb.
     0 | D:1      | Reached XP level 1. HP: 16/16 MP: 1/1
    67 | D:1      | Reached XP level 2. HP: 22/22 MP: 2/2
    80 | D:1      | Reached XP level 3. HP: 28/28 MP: 3/3
   459 | D:1      | Found a faded altar of an unknown god.
   492 | D:1      | Reached skill level 5 in Ranged Weapons
   620 | D:1      | Reached XP level 4. HP: 34/34 MP: 4/4
  1085 | D:2      | Reached XP level 5. HP: 41/41 MP: 5/5
  1687 | D:3      | Noticed Robin
  1695 | D:3      | Killed Robin
  1696 | D:3      | Reached skill level 1 in Armour
  1723 | D:3      | Found a hide-covered altar of Uskayaw.
  1740 | D:3      | Learned a level 1 spell: Apportation
  2051 | D:3      | Reached XP level 6. HP: 48/48 MP: 6/6
  2587 | D:4      | Reached skill level 6 in Ranged Weapons
  2636 | D:4      | Noticed a black bear
  2638 | D:4      | Reached XP level 7. HP: 19/55 MP: 7/7
  2657 | D:4      | HP: 2/55 [sleepcap (1)]
  2658 | D:4      | Slain by a sleepcap

Illustrated notes

Levels and vault maps discovered:
D:1:      minmay_arrival_arboretum_small, layout_basic, serial_rivers,
          chequers_serial_rivers_small_b, chequers_serial_rivers_large_b,
          chequers_serial_rivers_small_a, chequers_serial_rivers_small_a,
          chequers_serial_rivers_marsh, dreamdust_ecumenical_altar_statues,
          serial_bayou_ford_a
D:2:      layout_basic
D:3:      layout_basic, nicolae_uskayaw_dance_hall, uniq_robin
D:4:      layout_rooms, temple_pool_b, uniq_pikel

Skill      XL: |  1  2  3  4  5  6 |
---------------+-------------------+-----
Ranged Weapons | 5 6 |  6.7
Fighting       | 3 4 |  4.8
Armour         | 1 2 |  2.4
Dodging        | |  1.9
Stealth        | |  1.5

Action                     |  1- 3 |  4- 6 |  7- 9 || total
---------------------------+-------+-------+-------++-------
   Fire: Shortbow          |    90 |   181 |    19 ||   290
Ability: Dig               |     1 |     1 |       ||     2
    Use: Scroll            |     2 |     6 |       ||     8
         Potion            |       |       |     2 ||     2
 Armour: Leather armour    |    10 |    32 |    26 ||    68
  Dodge: Dodged            |    14 |    36 |    18 ||    68
